 Dungeon Sprint DCSS version 0.17-a0-1719-g1afd5a1 (webtiles) character file.

1200000 ztt the Portalist (level 15, -22/145 HPs)
             Began as a Ghoul Warper on Aug 27, 2015.
             Was a Believer of Makhleb.
             Annihilated by a meat berserker
             ... wielding a +9 battleaxe
              (77 damage)
             ... in the Dungeon (Sprint VIII: "Arena of Blood").
             The game lasted 00:00:27 (12 turns).

ztt the Portalist (Ghoul Warper)                      Turns: 12, Time: 00:00:27

Health: -22/145    AC:  3    Str: 22    XL:     15   Next: 18%
Magic:  3/32       EV: 16    Int:  8    God:    Makhleb [**....]
Gold:   0          SH:  0    Dex:  8    Spells: 1 memorised, 41 levels left

rFire  . . .     SeeInvis .     l - +∞ Axe of Woe
rCold  + . .     Clarity  .     b - +0 leather armour
rNeg   + + +     SustAt   .     (no shield)
rPois  ∞         Gourm    .     (no helmet)
rElec  .         Spirit   .     (no cloak)
rCorr  .         Warding  .     (no gloves)
rMut   .         NoTele   +     (no boots)
MR     +....                    (no amulet)
Stlth  +.........               (no ring)
                                (no ring)

@: rotting, somewhat resistant to hostile enchantments, very unstealthy
A: rotting body, claws 1, carnivore 3, cold resistance 1, negative energy
resistance 3, slow healing 1, torment resistance, unbreathing
a: Minor Destruction, Renounce Religion


You were in the Dungeon.
You worshipped Makhleb.
Makhleb was pleased with you.
You were not hungry.

You visited 1 branch

Inventory:

Hand weapons
 a - a +0 hand axe
 l - the +∞ Axe of Woe (weapon)
   (You found it in the Dungeon)
Missiles
 e - 5 tomahawks of dispersal (quivered)
Armour
 b - a +0 leather armour (worn)
Scrolls
 d - 2 scrolls of blinking
Potions
 g - a potion of curing
 h - a potion of heal wounds
 i - a potion of haste
 j - 2 potions of magic
 k - a potion of berserk rage
Books
 c - a book of Spatial Translocations

   Spells                             Type                      Level
   a - Apportation                    Translocation                1
   b - Blink                          Translocation                2
   c - Shroud of Golubria             Charms/Translocation         2
   d - Portal Projectile              Translocation                3
   e - Teleport Other                 Translocation                3
   f - Passage of Golubria            Translocation                4
Comestibles
 f - a meat ration


   Skills:
 + Level 16.4 Fighting
 + Level 14.5 Axes
 + Level 5.0 Throwing
 + Level 4.0 Armour
 + Level 13.6 Dodging
 + Level 14.4 Spellcasting
 + Level 24.0 Translocations


You had 41 spell levels left.
You knew the following spells:

 Your Spells              Type           Power        Failure   Level  Hunger
a - Apportation           Tloc           #####.....   0%          1    None


Dungeon Overview and Level Annotations

Branches:
Dungeon (1/1)

Altars:
Makhleb


Innate Abilities, Weirdness & Mutations

Your body is rotting away.
You thrive on raw meat.
You are immune to poison.
You have sharp fingernails.
You are carnivorous and can eat meat at any time.
Your flesh is cold resistant.
You are immune to negative energy.
You heal slowly when monsters are visible.
You are immune to unholy pain and torment.
You can survive without breathing.


Message History

You hear a shout! x3
You hit the meat berserker.
You cleave the meat berserker in twain.
You kill the meat berserker!
Makhleb accepts your kill.
You can now harness Makhleb's destructive might.
Your Fighting skill gained 2 levels and is now at level 16!
Your Axes skill gained 2 levels and is now at level 14!
Your Throwing skill increases to level 5!
Your Armour skill increases to level 4!
Your Dodging skill increases to level 13!
Your Spellcasting skill gained 2 levels and is now at level 14!
Your Translocations skill gained 3 levels and is now at level 24!
You have reached level 15!
Your experience leads to an increase in your attributes!
Increase (S)trength, (I)ntelligence, or (D)exterity?
You feel stronger. x2
You hear a shout! x5
The meat berserker hits you with a +9 battleaxe!!!!
Ouch! That really hurt!
You die...

#.. ..# #... ..#
...###... ..###.
........###......
#........_.....
..... #.....#
......#_.<._# .
......#.)...#....
#......@._.......
......)O###......
...###.......###o
. #.......#
#.......#
.........O
...........
...........
...........#


You could see a meat berserker (berserk).

Vanquished Creatures
  An ogre (D)
  3 orcs (D)
4 creatures vanquished.

Notes
Turn   | Place    | Note
--------------------------------------------------------------
     0 | D        | ztt the Ghoul Warper began the quest for the Orb.
     0 | D        | Reached XP level 1. HP: 17/17 MP: 2/2
     3 | D        | Noticed a bag of meat
     4 | D        | Became a worshipper of Makhleb the Destroyer
     5 | D        | Noticed a bag of meat
     5 | D        | Noticed a bag of meat
     6 | D        | Noticed a bag of meat
     7 | D        | Killed a bag of meat
     7 | D        | Reached skill level 11 in Fighting
     7 | D        | Reached skill level 10 in Axes
     7 | D        | Reached skill level 10 in Spellcasting
     7 | D        | Reached skill level 17 in Translocations
     7 | D        | Reached XP level 2. HP: 20/40 MP: 2/12
     7 | D        | Reached XP level 3. HP: 23/47 MP: 2/13
     7 | D        | Reached XP level 4. HP: 26/55 MP: 2/15
     7 | D        | Reached XP level 5. HP: 28/61 MP: 2/16
     7 | D        | Reached XP level 6. HP: 31/68 MP: 2/18
     7 | D        | Reached XP level 7. HP: 33/74 MP: 2/19
     7 | D        | Reached XP level 8. HP: 36/82 MP: 2/21
     7 | D        | Reached XP level 9. HP: 39/89 MP: 2/22
     7 | D        | Reached XP level 10. HP: 42/96 MP: 2/23
     7 | D        | Reached XP level 11. HP: 44/102 MP: 2/24
     7 | D        | Reached XP level 12. HP: 47/110 MP: 2/25
     8 | D        | Noticed a meat berserker
    10 | D        | Killed a bag of meat
    10 | D        | Acquired Makhleb's first power
    10 | D        | Reached skill level 20 in Translocations
    10 | D        | Reached XP level 13. HP: 49/122 MP: 2/27
    11 | D        | Noticed a meat berserker
    11 | D        | Killed a bag of meat
    11 | D        | Reached skill level 21 in Translocations
    11 | D        | Reached XP level 14. HP: 52/133 MP: 3/29
    12 | D        | Killed a meat berserker
    12 | D        | Acquired Makhleb's second power
    12 | D        | Reached skill level 5 in Throwing
    12 | D        | Reached skill level 24 in Translocations
    12 | D        | Reached XP level 15. HP: 55/145 MP: 3/32
    12 | D        | Annihilated by a meat berserker

Vault maps used:
D:        meatsprint

Action                   |  1- 3 |  4- 6 |  7- 9 | 10-12 | 13-15 || total
-------------------------+-------+-------+-------+-------+-------++-------
Melee: Executioner's axe |     1 |       |       |     1 |     2 ||     4
